 Dungeon Crawl Stone Soup version 0.27-a0-660-g90476cec82 (webtiles) character file.

Game seed: 16267215224028759941

63 robertstho the Ducker (level 3, -5/25 HPs)
             Began as a Felid Berserker on Mar 16, 2021.
             Was a Believer of Trog.
             Slain by an orc
             ... wielding a +0 trident
              (8 damage)
             ... on level 2 of the Dungeon.
             The game lasted 00:01:49 (1104 turns).

robertstho the Ducker (Felid Berserker)             Turns: 1104, Time: 00:01:49

Health: -5/25      AC:  1    Str: 14    XL:     3   Next: 89%
Magic:  4/4        EV: 18    Int:  8    God:    Trog [**....]
Gold:   69         SH:  0    Dex: 15    Spells: 2/2 levels left
                                        Lives:  0   Deaths: 0

rFire    . . .     SeeInvis +     - Unarmed
rCold    . . .     Faith    .   (shield unavailable)
rNeg     . . .     Spirit   .   (armour unavailable)
rPois    .         Reflect  .   (helmet unavailable)
rElec    .         Harm     .   (cloak unavailable)
rCorr    +         Rampage  .   (gloves unavailable)
Will     .....                  (boots unavailable)
Stlth    ..........             (no amulet)
HPRegen  0.08/turn              b - ring of resist corrosion
MPRegen  0.09/turn              (no ring)

@: berserking, very quick
A: very small, claws 1, fangs 3, see invisible, speed 1, shaggy fur 1, stealthy
paws, no weapons or thrown items, no armour, multi-lived
a: Renounce Religion, Berserk, Trog's Hand


You were on level 2 of the Dungeon.
You worshipped Trog.
Trog was pleased with you.
You visited 1 branch of the dungeon, and saw 2 of its levels.

You collected 69 gold pieces.

Inventory:

Jewellery
 b - a ring of resist corrosion (right paw)
Scrolls
 a - 2 scrolls of identify {unknown}
 h - a scroll of teleportation {unknown}
Potions
 c - a potion of haste {unknown}
 d - a potion of mutation {unknown}
 e - a potion of attraction {unknown}
 f - a potion of berserk rage {unknown}
 g - a potion of curing


   Skills:
 + Level 3.2 Fighting
 + Level 4.6 Dodging
 * Level 2.8 Stealth
 + Level 3.7 Unarmed Combat


You had 2 spell levels left.
You didn't know any spells.
Your spell library was empty.

Dungeon Overview and Level Annotations

Branches:
Dungeon (2/15)

Altars:
Qazlal


Innate Abilities, Weirdness & Mutations

You have sharp claws.
You have razor-sharp teeth.
You have supernaturally acute eyesight. (SInv)
You cover ground quickly. (Speed+)
You are covered in fur. (AC +1)
Your stealthy paws help you sneak and pounce on unaware monsters.
You are incapable of wielding weapons or throwing items.
You cannot wear armour.
You gain extra lives every three experience levels.


Message History

You scratch the ball python.
The ball python is severely wounded.
The orc wizard gestures at you while chanting.
You are confused.
The orc hits you from afar with a +0 trident!
The orc completely misses you. The ball python closely misses you.
The ball python constricts you.
You're too confused to move!
The orc barely misses you. The orc wizard casts a spell at you.
You resist with some effort. The ball python closely misses you.
The ball python constricts you.
You escape the ball python's grasp.
The orc wizard hits you with a +0 dagger.
* * * LOW HITPOINT WARNING * * *
You feel better.
The orc wizard casts a spell at itself.
The orc wizard flickers and vanishes for a moment.
The orc hits you from afar with a +0 trident.
The orc closely misses you.
A red film seems to cover your vision as you go berserk!
You feel yourself moving faster!
You feel mighty! The ball python closely misses you.
The ball python completely misses you.
The orc wizard gestures at you while chanting.
The magic dart hits you.
* * * LOW HITPOINT WARNING * * *
The orc misses you. The orc hits you with a +0 dagger.
* * * LOW HITPOINT WARNING * * *
You barely miss the ball python.
The ball python is severely wounded.
The ball python bites you.
* * * LOW HITPOINT WARNING * * *
The ball python grabs you.
* * * LOW HITPOINT WARNING * * *
The ball python constricts you.
You claw the ball python!
You kill the ball python!
Trog accepts your kill. The orc wizard misses you.
The orc hits you from afar with a +0 trident!
You die...

#....##...####
####.####....##
#..######..## ##..# ##..#
.# ##(# ##.##
...####.##### #.[#
#......#...####.######
####.........###.o....#
#...###.†.....##@o....#
#...#E#.......##..o......
#...###.†[....##.........
.........................
.._.....#....###.......$.
..............##.........
#...#######.......=.?....
#...#E# .............
#...### ...


You could see an orc wizard (invisible) and 2 orcs.

Vanquished Creatures
  An adder (D:2)
  A worm (D:2)
  4 dart slugs
  A leopard gecko (D:2)
  2 ball pythons
  9 bats
  3 giant cockroaches
  5 goblins
  5 hobgoblins
  2 jackals (D:1)
  A quokka (D:2)
  4 frilled lizards
  4 kobolds
  A rat (D:2)
43 creatures vanquished.

Notes
Turn   | Place    | Note
-------+----------+-------------------------------------------
     0 | D:1      | robertstho the Felid Berserker began the quest for the Orb.
     0 | D:1      | Reached XP level 1. HP: 10/10 MP: 2/2
   110 | D:1      | Reached skill level 1 in Stealth
   110 | D:1      | Reached XP level 2. HP: 9/14 MP: 3/3
   649 | D:2      | Reached ** piety under Trog
   676 | D:2      | Reached XP level 3. HP: 17/17 MP: 4/4
   868 | D:2      | Noticed a water elemental
  1031 | D:2      | Noticed an air elemental
  1033 | D:2      | Found a stormy altar of Qazlal.
  1034 | D:2      | Noticed an earth elemental
  1034 | D:2      | Noticed a fire elemental
  1104 | D:2      | Slain by an orc

Illustrated notes

Levels and vault maps discovered:
D:1:      minmay_arrival_four_loops, layout_basic, serial_glass,
          glass_columns_c, glass_columns_a, amcnicky_mini_rare_corridor_liquid
D:2:      layout_rooms, nicolae_qazlal_style_of_elements

Skill      XL: |  1  2  3 |
---------------+----------+-----
Stealth        | 1 2 |  2.8
Fighting       | |  3.2
Dodging        | |  4.6
Unarmed Combat | |  3.7

Action                   || total
-------------------------++-------
Melee: Unarmed           ||    91
       Bite              ||     6
       Punch             ||     1
Invok: Berserk           ||     3
       Trog's Hand       ||     1
  Use: Potion            ||     1
 Stab: Sleeping          ||     9
       Distracted        ||     1
Armor: Skin              ||     4
Dodge: Dodged            ||    66

Table legend: (Time is in decaauts)
 A = Elapsed time spent in this place.
 B = Non-inter-level travel time spent in this place.
 C = Inter-level travel time spent in this place.
 D = Time resting spent in this place.
 E = Time spent auto-exploring this place.
 F = Levels seen in this place.
 G = Mean time per level.
                   A        B        C        D        E       F      G
               +--------+--------+--------+--------+--------+-----+--------+
         Total |    981 |    966 |     15 |    101 |    655 |   2 |  490.5 |
       Dungeon |    981 |    966 |     15 |    101 |    655 |   2 |  490.5 |
               +--------+--------+--------+--------+--------+-----+--------+

Top non-repeatable levels by time:
     D:1: 548 daAuts
     D:2: 432 daAuts
